 Dungeon Crawl Stone Soup version 0.27-a0-668-gb5737ff2c0 (webtiles) character file.

Game seed: 4245837085421294138

45065 theanonym the Bludgeoner (level 13, -9/113 HPs)
             Began as a Mummy Delver on Mar 17, 2021.
             Was an Initiate of Gozag.
             Mangled by Rupert
             ... wielding a +2 vorpal great sword
              (25 damage)
             ... while paralysed by Rupert
             ... on level 5 of the Lair of Beasts.
             The game lasted 00:49:50 (29580 turns).

theanonym the Bludgeoner (Mummy Delver)            Turns: 29580, Time: 00:49:51

Health: -9/113     AC: 17    Str: 20    XL:     13   Next: 99%
Magic:  13/13      EV:  2    Int: 10    God:    Gozag
Gold:   3686       SH:  0    Dex: 16    Spells: 12/12 levels left

rFire    . . .     SeeInvis .   a - +9 flail of Duty {freeze, rN+ Will- Dex+3}
rCold    + + .     Faith    .   (no shield)
rNeg     + + +     Spirit   .   h - +0 plate armour
rPois    ∞         Reflect  .   i - +0 helmet
rElec    .         Harm     .   (no cloak)
rCorr    .         Rampage  .   j - +1 pair of gloves
Will     .....                  d - +0 pair of boots
Stlth    ..........             e - amulet of regeneration
HPRegen  1.28/turn              k - ring of protection from cold
MPRegen  0.13/turn              q - ring of protection from fire

@: paralysed
A: cold resistance 1, negative energy resistance 3, torment resistance 2,
unbreathing 1, heat vulnerability 1, in touch with death 1, no potions
a: Renounce Religion, Potion Petition, Call Merchant, Bribe Branch


Innate Abilities, Weirdness & Mutations

You are immune to poison.
Your flesh is cold resistant. (rC+)
You are immune to negative energy. (rN+++)
You are immune to unholy pain and torment.
You can survive without breathing.
You are vulnerable to heat. (rF-)
You are in touch with the powers of death.
You do not drink.


   Skills:
 + Level 14.1 Fighting
 - Level 15.1 Maces & Flails
 * Level 6.4 Armour
 - Level 1.5 Dodging
 - Level 4.1 Stealth


You had 12 spell levels left.
You didn't know any spells.
Your spell library contained the following spells:

 Spells                   Type           Power      Damage    Failure   Level
 Corona                   Hex            0%         N/A       100%        1
 Summon Small Mammal      Summ           0%         N/A       100%        1
 Call Imp                 Summ           0%         N/A       100%        2
 Ensorcelled Hibernation  Hex/Ice        0%         N/A       100%        2
 Call Canine Familiar     Summ           0%         N/A       100%        3
 Confusing Touch          Hex            0%         N/A       100%        3
 Dazzling Flash           Conj/Hex       0%         N/A       100%        3
 Summon Guardian Golem    Hex/Summ       0%         N/A       100%        3
 Tukima's Dance           Hex            0%         N/A       100%        3
 Animate Dead             Necr           0%         N/A       100%        4
 Summon Ice Beast         Ice/Summ       0%         N/A       100%        4
 Summon Lightning Spire   Summ/Air       0%         N/A       100%        4
 Bolt of Magma            Conj/Fire/Erth 0%         4d4       100%        5
 Borgnjor's Vile Clutch   Necr/Erth      0%         N/A       100%        5
 Iskenderun's Battlesphe  Conj           0%         2d6       100%        5
 Metabolic Englaciation   Hex/Ice        0%         N/A       100%        5
 Death Channel            Necr           0%         N/A       100%        6
 Freezing Cloud           Conj/Ice/Air   0%         6-21      100%        6
 Iron Shot                Conj/Erth      0%         9d1       100%        6
 Simulacrum               Ice/Necr       0%         N/A       100%        6
 Orb of Destruction       Conj           0%         N/A       100%        7
 Ozocubu's Refrigeration  Ice            0%         4d5       100%        7
 Spellforged Servitor     Conj/Summ      0%         N/A       100%        7
 Ice Form                 Ice/Tmut       Unusable   N/A       N/A         4

Skill      XL: |  1  2  3  4  5  6  7  8  9 10 11 12 13 |
---------------+----------------------------------------+-----
Maces & Flails | 2 3 4 5 6 8 10 11 13 14 15 | 15.1
Fighting       | 4 5 6 7 8 10 11 12 14 | 14.1
Armour         | 6 |  6.4
Dodging        | |  1.5
Stealth        | |  4.1

Action                   |  1- 3 |  4- 6 |  7- 9 | 10-12 | 13-15 || total
-------------------------+-------+-------+-------+-------+-------++-------
Melee: Mace              |    86 |   216 |       |       |       ||   302
       Flail             |       |    56 |   346 |   726 |   320 ||  1448
Throw: Boomerang         |       |       |     6 |     7 |     6 ||    19
Evoke: Wand              |     3 |     5 |     9 |    18 |     3 ||    38
       Tin of tremorston |       |       |       |     2 |       ||     2
       Condenser vane    |       |       |       |     1 |     2 ||     3
  Use: Scroll            |       |     1 |    10 |     6 |     2 ||    19
 Stab: Sleeping          |     3 |     6 |       |       |       ||     9
       Distracted        |       |       |       |     3 |     1 ||     4
       Confused          |       |       |       |       |     1 ||     1
Armor: Leather armour    |    36 |     7 |       |       |       ||    43
       Chain mail        |       |   145 |       |       |       ||   145
       Plate armour      |       |    19 |   321 |   479 |   125 ||   944
Dodge: Dodged            |    44 |   120 |   104 |   173 |    59 ||   500

Inventory:

Hand Weapons
 a - the +9 flail of Duty (weapon) {freeze, rN+ Will- Dex+3}

   It has been specially enchanted to freeze those struck by it, causing extra
   injury to most foes and up to half again as much damage against particularly
   susceptible opponents.
   It can also slow down cold-blooded creatures.
   It affects your dexterity (+3).
   It protects you from negative energy.
   It affects your willpower, your defense against some magical effects.
 b - a +0 morningstar
Missiles
 l - 16 boomerangs (quivered)
 n - 5 silver boomerangs
 u - 9 curare-tipped darts
Armour
 d - a +0 pair of boots (worn)
 h - a +0 plate armour (worn)
 i - a +0 helmet (worn)
 j - a +1 pair of gloves (worn)
Jewellery
 e - an amulet of regeneration (around neck)
 k - a ring of protection from cold (right hand)
 q - a ring of protection from fire (left hand)
Wands
 c - a wand of digging (8)
 x - a wand of paralysis (8)
 A - a wand of iceblast (6)
Scrolls
 f - 8 scrolls of fog
 m - 2 scrolls of amnesia
 o - a scroll of immolation
 p - 2 scrolls of vulnerability
 r - 7 scrolls of identify
 s - a scroll of fear
 t - 7 scrolls of teleportation
 y - 4 scrolls of magic mapping
 B - 3 scrolls of blinking
Miscellaneous
 g - a tin of tremorstones (2/2)
 v - a condenser vane (inert)
 w - a lightning rod (4/4)
 z - a phial of floods


You were on level 5 of the Lair of Beasts.
You worshipped Gozag.
Gozag was most pleased with you.
You visited 4 branches of the dungeon, and saw 20 of its levels.

You collected 4104 gold pieces.
You spent 360 gold pieces at shops.
You paid 58 gold pieces to Gozag.

Dungeon Overview and Level Annotations

Branches:
Dungeon (12/15)            Temple (1/1) D:7            Lair (5/6) D:10
 Shoals (0/4) Lair:4       Spider (0/4) Lair:4          Orc (2/2) D:11
  Slime: Lair:5-6       Elf: Orc:2

Altars:
Ashenzari
Cheibriados
Dithmenos
Elyvilon
Fedhas
Gozag
Hepliaklqana
Kikubaaqudgha
Makhleb
Nemelex Xobeh
Okawaru
Qazlal
Ru
Sif Muna
Trog
Uskayaw
Vehumet
Wu Jian
Xom
Yredelemnul
Zin
The Shining One

Shops:
D:4 =

Annotations:
D:8 Erica
Lair:3 1 runed translucent door, Illot's ghost, adept MfTm
Lair:5 3 runed translucent doors, Rupert
Orc:2 Saint Roka

#. ..#..P.##.## ..
............
..........P ##
##.....#.##. # ..#
####.#.........#. ..#
............!...###..##
#...##....#......#....#
...#.#....# #.........#
...###....# #.@§#...
######....#####.#@....#
#P.#......#.#....§☼§.##
.............S........#
.....................##
......................#
.....................##
.....................#
..........#.......P..#


You could see Rupert (berserk) and a water moccasin.

Notes
Turn   | Place    | Note
-------+----------+-------------------------------------------
     0 | D:5      | theanonym the Mummy Delver began the quest for the Orb.
     0 | D:5      | Reached XP level 1. HP: 18/18 MP: 1/1
     5 | D:5      | Noticed a water moccasin
     7 | D:4      | Found Bapn's Jewellery Boutique.
    12 | D:4      | HP: 8/18 [adder (5)]
    14 | D:4      | Reached skill level 2 in Maces & Flails
    14 | D:4      | Reached XP level 2. HP: 11/24 MP: 2/2
   401 | D:3      | HP: 9/24 [kobold/+0 short sword (6)]
   402 | D:3      | HP: 1/24 [kobold/+0 short sword (4)]
   408 | D:3      | Reached XP level 3. HP: 2/29 MP: 3/3
  1096 | D:2      | HP: 14/29 [ooze (4)]
  1314 | D:2      | Reached skill level 3 in Maces & Flails
  1488 | D:2      | Reached XP level 4. HP: 37/37 MP: 4/4
  2996 | D:2      | HP: 10/37 [worm (11)]
  3692 | D:3      | HP: 18/37 [gnoll/+0 halberd (7)]
  3695 | D:2      | HP: 8/37 [gnoll/+0 club (3)]
  4153 | D:3      | Reached skill level 4 in Fighting
  4371 | D:3      | Reached XP level 5. HP: 36/42 MP: 5/5
  5165 | D:3      | Reached skill level 4 in Maces & Flails
  5531 | D:4      | Reached XP level 6. HP: 42/49 MP: 6/6
  5642 | D:4      | HP: 22/49 [adder (4)]
  5655 | D:4      | HP: 16/49 [adder (3)]
  6378 | D:4      | You fall into a shaft and drop 2 floors!
  6473 | D:4      | Found a broken altar of Ashenzari.
  6968 | D:5      | Noticed an ice beast
  7018 | D:4      | Killed a water moccasin
  7019 | D:4      | Reached skill level 5 in Fighting
  7019 | D:4      | Reached skill level 5 in Maces & Flails
  7041 | D:5      | Noticed Menkaure
  7151 | D:4      | Killed Menkaure
  7152 | D:4      | Reached XP level 7. HP: 39/56 MP: 7/7
  7613 | D:5      | Reached skill level 6 in Maces & Flails
  7797 | D:5      | Reached skill level 6 in Fighting
  8010 | D:4      | Reached XP level 8. HP: 57/64 MP: 8/8
  8248 | D:5      | HP: 32/64 [orc/+0 dagger (3)]
  8666 | D:4      | HP: 23/64 [ogre/+0 giant club (14)]
  8984 | D:5      | Identified the +9 flail of Duty {freeze, rN+ Will- Dex+3}
  8993 | D:5      | HP: 25/65 [orc priest/the +9 flail of Duty {freeze, rN+
                  | Will- Dex+3} (11)]
  8993 | D:5      | HP: 12/65 [orc priest/the +9 flail of Duty {freeze, rN+
                  | Will- Dex+3} (2)]
  9494 | D:5      | Reached skill level 7 in Maces & Flails
 10244 | D:6      | Reached skill level 7 in Fighting
 10576 | D:6      | Reached skill level 8 in Maces & Flails
 11297 | D:6      | Reached XP level 9. HP: 67/72 MP: 9/9
 11528 | D:7      | Found a staircase to the Ecumenical Temple.
 11605 | Temple   | Entered the Ecumenical Temple
 11826 | Temple   | Became a worshipper of Gozag Ym Sagoz the Greedy
 12145 | D:7      | Reached skill level 9 in Maces & Flails
 12146 | D:7      | Reached skill level 8 in Fighting
 13141 | D:8      | Found an iron altar of Okawaru.
 13559 | D:8      | Found a burning altar of Makhleb.
 13804 | D:8      | Noticed an eight-headed hydra
 14204 | D:8      | HP: 32/75 [orc warrior/+0 glaive (22)]
 14478 | D:4      | Bought an amulet of regeneration for 360 gold pieces
 14583 | D:8      | HP: 30/75 [eight-headed hydra (8)]
 14584 | D:8      | HP: 12/75 [eight-headed hydra (8)]
 14688 | D:9      | Noticed Prince Ribbit
 14693 | D:9      | Killed Prince Ribbit
 14777 | D:8      | Reached skill level 10 in Maces & Flails
 14988 | D:9      | Reached XP level 10. HP: 82/82 MP: 10/10
 14999 | D:9      | Found an ancient bone altar of Kikubaaqudgha.
 15162 | D:9      | Noticed a two-headed ogre
 15169 | D:9      | HP: 33/82 [two-headed ogre/+0 giant spiked club (16)]
 15171 | D:9      | Killed a two-headed ogre
 15172 | D:9      | Reached skill level 9 in Fighting
 15247 | D:8      | Noticed Erica
 15257 | D:8      | HP: 39/83 [Erica/+3 scimitar of flaming (5)]
 15701 | D:9      | Noticed a boulder beetle
 15707 | D:9      | HP: 37/83 [boulder beetle (19)]
 15712 | D:9      | HP: 30/83 [boulder beetle (3)]
 15770 | D:9      | HP: 39/83 [boulder beetle (9)]
 15776 | D:9      | HP: 24/83 [boulder beetle (8)]
 15777 | D:9      | Killed a boulder beetle
 15778 | D:9      | Reached skill level 11 in Maces & Flails
 15853 | D:9      | Found a burning altar of Makhleb.
 15958 | D:10     | Entered Level 10 of the Dungeon
 15974 | D:9      | HP: 38/84 [ogre/+0 giant club (13)]
 16527 | D:10     | Found a staircase to the Lair.
 16647 | D:10     | Killed an unseen horror
 16648 | D:10     | Reached skill level 10 in Fighting
 16965 | Lair:1   | Entered Level 1 of the Lair of Beasts
 17090 | Lair:1   | Noticed a cane toad
 17108 | Lair:1   | Killed a cane toad
 17448 | Lair:1   | Reached XP level 11. HP: 89/91 MP: 11/11
 18183 | Lair:2   | Reached skill level 12 in Maces & Flails
 18318 | Lair:2   | Noticed a seven-headed hydra
 18326 | Lair:2   | HP: 39/92 [seven-headed hydra (11)]
 18327 | Lair:2   | Killed a seven-headed hydra
 19482 | Lair:3   | Reached skill level 11 in Fighting
 19657 | Lair:3   | Noticed a queen ant
 19663 | Lair:2   | HP: 41/93 [soldier ant (8)]
 19671 | Lair:2   | HP: 41/93 [soldier ant (6)]
 19735 | Lair:2   | Killed a queen ant
 19773 | Lair:2   | Reached skill level 13 in Maces & Flails
 19964 | Lair:3   | Noticed a death yak
 19971 | Lair:3   | Noticed a death yak
 19979 | Lair:2   | HP: 45/93 [death yak[a torpor snail] (18)]
 19984 | Lair:2   | HP: 17/93 [death yak[a torpor snail] (12)]
 19989 | Lair:2   | HP: 9/93 [death yak[a torpor snail] (14)]
 19994 | Lair:2   | Killed a death yak
 20623 | D:10     | Reached XP level 12. HP: 100/100 MP: 12/12
 20687 | D:11     | Noticed Sonja
 20699 | D:11     | Killed Sonja
 20823 | D:11     | Found a staircase to the Orcish Mines.
 21043 | D:11     | Identified the +10 flail of Hipaseit {freeze, *Corrode
                  | Int+4}
 21666 | D:12     | Noticed a five-headed hydra
 21679 | D:11     | Killed a five-headed hydra
 21680 | D:11     | Reached skill level 12 in Fighting
 21890 | D:12     | Noticed a two-headed ogre
 22062 | D:11     | Killed a two-headed ogre
 22595 | D:12     | Reached skill level 14 in Maces & Flails
 23185 | Orc:1    | Entered Level 1 of the Orcish Mines
 23598 | Orc:2    | Entered Level 2 of the Orcish Mines
 23636 | Orc:2    | Noticed Saint Roka
 23637 | Orc:2    | Noticed a centaur warrior
 23907 | Lair:1   | Noticed a catoblepas
 23925 | Lair:1   | Killed a catoblepas
 24053 | Lair:3   | Killed a death yak
 24727 | Lair:3   | Found a runed translucent door.
 24728 | Lair:3   | Found a shimmering altar of Xom.
 24728 | Lair:3   | Noticed Illot's ghost (adept MfTm)
 24728 | Lair:3   | Identified the +0 halberd of the Leaping Salmon {chaos,
                  | rPois}
 25353 | Lair:4   | Gained mutation: You are in touch with the powers of death.
                  | [Mummy growth]
 25353 | Lair:4   | Reached XP level 13. HP: 76/109 MP: 13/13
 25498 | Lair:4   | Reached skill level 13 in Fighting
 25895 | Lair:4   | Found a hole to the Spider Nest.
 26058 | Lair:4   | Reached skill level 15 in Maces & Flails
 26244 | Lair:4   | Reached skill level 1 in Armour
 26284 | Lair:4   | Found a staircase to the Shoals.
 26443 | Lair:4   | Reached skill level 2 in Armour
 26855 | Lair:3   | Reached skill level 3 in Armour
 27337 | Lair:3   | HP: 49/111 [death yak (17)]
 27345 | Lair:3   | HP: 51/111 [death yak (3)]
 27350 | Lair:3   | HP: 33/111 [death yak (13)]
 27655 | Lair:4   | Found a staircase to the Shoals.
 27658 | Lair:4   | Found a hole to the Spider Nest.
 28034 | Lair:5   | Reached skill level 4 in Armour
 28036 | Lair:5   | Identified the +1 broad axe of Zuykheod {protect, rF-
                  | Int+4}
 28476 | Lair:4   | Reached skill level 5 in Armour
 28494 | Lair:4   | HP: 55/112 [death yak (4)]
 29072 | Lair:5   | Found a runed translucent gate.
 29079 | Lair:5   | Found a runed translucent gate.
 29079 | Lair:5   | Found a runed translucent gate.
 29214 | Lair:5   | Reached skill level 14 in Fighting
 29299 | Lair:4   | Reached skill level 6 in Armour
 29571 | Lair:5   | Noticed Rupert
 29574 | Lair:5   | Paralysed by Rupert for 7 turns
 29579 | Lair:5   | HP: 37/113 [Rupert/+2 vorpal great sword (22)]
 29579 | Lair:5   | HP: 16/113 [Rupert/+2 vorpal great sword (14)]
 29580 | Lair:5   | Mangled by Rupert

Vanquished Creatures
  A boulder beetle (D:9)
  3 hydras
  A catoblepas (Lair:1)
  A queen ant (Lair:2)
  2 two-headed ogres
  16 death yaks
  Sonja (D:11)
  2 unseen horrors
  An ugly thing (D:12)
  8 elephants
  A merfolk siren (Lair:4)
  A black mamba (Lair:4)
  A gargoyle (D:12)
  2 torpor snails
  3 cane toads
  3 rime drakes
  5 komodo dragons
  A polar bear (Lair:4)
  2 trolls
  A hornet (D:8)
  Prince Ribbit (D:9)
  14 blink frogs (Lair:4)
  20 yaks
  4 wyverns
  A wraith (D:11)
  3 basilisks
  A steam dragon (Lair:2)
  Menkaure (D:4)
  2 wargs (Orc:1)
  2 acid dragons
  21 soldier ants
  10 water moccasins
  2 sky beasts
  7 killer bees
  2 ice beasts
  13 orc warriors
  A black bear (Lair:1)
  9 ogres
  9 wolves
  6 centaurs
  15 bullfrogs
  2 gnoll sergeants
  A wyvern zombie (D:8)
  A wyvern skeleton (D:12)
  A water moccasin zombie (D:5)
  5 scorpions
  A water moccasin skeleton (D:5)
  6 wights
  A bullfrog zombie (D:5)
  3 quasits
  5 hounds
  2 jellies
  4 bullfrog skeletons
  8 orc priests
  3 centaur skeletons
  3 iguanas
  13 orc wizards
  36 worker ants
  A hound skeleton (D:9)
  A howler monkey zombie (D:11)
  3 worker ant zombies
  20 gnolls
  11 adders
  A howler monkey skeleton (D:10)
  2 white imps
  4 ufetubi
  2 oozes
  2 adder skeletons (D:5)
  4 worms
  A dart slug (D:2)
  3 leopard geckos
  60 orcs
  A ball python (D:6)
  5 giant cockroaches
  2 hobgoblins
  21 jackals
  5 quokkas
  6 bats
  4 frilled lizards
  3 goblins
  8 kobolds
  A leopard gecko skeleton (D:4)
  3 rats (D:2)
469 creatures vanquished.

Vanquished Creatures (collateral kills)
  A death yak (Lair:2)
1 creature vanquished.

Vanquished Creatures (others)
  An ogre (D:5)
  A killer bee (D:7)
  36 fungi
  39 plants
  6 withered plants (D:9)
83 creatures vanquished.

Grand Total: 553 creatures vanquished

Table legend: (Time is in decaauts)
 A = Elapsed time spent in this place.
 B = Non-inter-level travel time spent in this place.
 C = Inter-level travel time spent in this place.
 D = Time resting spent in this place.
 E = Time spent auto-exploring this place.
 F = Levels seen in this place.
 G = Mean time per level.
                   A        B        C        D        E       F      G
               +--------+--------+--------+--------+--------+-----+--------+
         Total |  29647 |  26833 |   2814 |   9466 |  12745 |  20 | 1482.3 |
       Dungeon |  19823 |  18083 |   1740 |   6926 |   8142 |  12 | 1651.9 |
        Temple |    280 |    231 |     49 |    127 |     77 |   1 |  280.0 |
          Lair |   8884 |   7906 |    978 |   2126 |   4280 |   5 | 1776.8 |
  Orcish Mines |    658 |    613 |     45 |    287 |    246 |   2 |  329.0 |
               +--------+--------+--------+--------+--------+-----+--------+

Top non-repeatable levels by time:
     D:4: 2689 daAuts
     D:3: 2498 daAuts
  Lair:4: 2478 daAuts
  Lair:2: 2110 daAuts
  Lair:3: 2002 daAuts
     D:2: 1953 daAuts
     D:8: 1900 daAuts
     D:7: 1669 daAuts
     D:5: 1571 daAuts
     D:6: 1546 daAuts
    D:11: 1440 daAuts
    D:10: 1199 daAuts
  Lair:5: 1155 daAuts
     D:1: 1140 daAuts
  Lair:1: 1138 daAuts
